 Dungeon Crawl Stone Soup version 0.20-a0-850-ge5a7832 (webtiles) character file.

17 HEYYEYAAE the Skirmisher (level 2, -5/16 HPs)
             Began as a Vine Stalker Chaos Knight on Mar 10, 2017.
             Killed from afar by an orc wizard (6 damage)
             ... with a magic dart
             ... on level 3 of the Dungeon.
             The game lasted 00:00:45 (201 turns).

HEYYEYAAE the Skirmisher (Vine Stalker Chaos Knight) Turns: 201, Time: 00:00:45

Health: -5/16      AC:  5    Str: 14    XL:     2   Next: 62%
Magic:  0/4        EV: 11    Int: 12    God:    Xom [..*...]
Gold:   13         SH:  0    Dex: 13    Spells: 2/2 levels left

rFire    . . .     SeeInvis .   a - +0 spear (chaos)
rCold    . . .     Gourm    .   b - +2 leather armour
rNeg     . . .     Faith    .   (no shield)
rPois    .         Spirit   +   (no helmet)
rElec    .         Reflect  .   (no cloak)
rCorr    .         Harm     .   (no gloves)
MR       .....                  (no boots)
Stlth    +.........             (no amulet)
Regen    0.1/turn               (no ring)
MPRegen  0.1/turn               (no ring)

@: slowed, very slow
A: fangs 2, magic shield, antimagic bite, no potion heal 3, rot immunity
a: Renounce Religion


You were on level 3 of the Dungeon.
You worshipped Xom.
You were a toy of Xom.
You were not hungry.

You visited 1 branch of the dungeon, and saw 3 of its levels.

You collected 13 gold pieces.

Inventory:

Hand Weapons
 a - a +0 spear of chaos (weapon)
Armour
 b - a +2 leather armour (worn)
Potions
 d - a potion of agility {unknown}
 e - a potion of might {unknown}
 g - a potion of heal wounds {unknown}
Comestibles
 c - 2 bread rations


   Skills:
 * Level 3.0 Fighting
 - Level 2.6 Polearms
 + Level 1.8 Armour
 + Level 1.1 Dodging
 + Level 0.8 Spellcasting


You had 2 spell levels left.
You didn't know any spells.

Dungeon Overview and Level Annotations

Branches:
Dungeon (3/15)

Altars:
Ashenzari
Nemelex Xobeh


Innate Abilities, Weirdness & Mutations

You have extremely sharp teeth.
When hurt, damage is shared between your health and your magic reserves.
Your bite disrupts and absorbs the magic of your enemies.
Potions cannot restore your health.
You are immune to rotting.


Message History

Unknown command.
Okay, then.
Okay, then.
Evoke which item? (* to show all) (? for menu, Esc to quit)
Okay, then.
As you read the scroll labeled QOYTOON MEBINI, it crumbles to dust.
You feel blessed for a moment.
It was a scroll of remove curse.
The orc wizard gestures wildly while chanting.
The orc wizard blinks!
Your bat closely misses the orc wizard.
The orc wizard points at you and mumbles some strange words.
Your bat resists with significant effort.
Your bat barely misses the orc wizard.
The orc wizard mumbles some strange words.
The orc wizard blinks!
The orc wizard misses your bat.
Your bat hits the orc wizard.
The orc wizard gestures at you while chanting.
The magic dart hits you!
You die...
Xom titters!

.. ###.... ...
#........ ....
#........
....####........
................
..........b.....
.................
.......@........
.....###...####
##.#.#. #...####.
...#.#.###[.b.....
..)...............
..........o..####.
#..####.##.#.#
#..####.##ยง#.#
#........#.#.#


You could see an orc wizard and a friendly bat.

Vanquished Creatures
  2 oozes (D:1)
  2 orcs (D:3)
  A goblin (D:1)
  A kobold (D:1)
  A rat (D:1)
7 creatures vanquished.

Vanquished Creatures (others)
  A goblin (D:1)
1 creature vanquished.

Grand Total: 8 creatures vanquished

Notes
Turn   | Place    | Note
-------+----------+-------------------------------------------
     0 | D:1      | HEYYEYAAE the Vine Stalker Chaos Knight began the quest for the Orb.
     0 | D:1      | Reached XP level 1. HP: 11/11 MP: 2/2
    37 | D:1      | Reached XP level 2. HP: 16/16 MP: 2/4
    51 | D:1      | Reached skill level 1 in Dodging
   161 | D:2      | Found a shattered altar of Ashenzari.
   161 | D:2      | Found a sparkling altar of Nemelex Xobeh.
   193 | D:3      | Reached skill level 3 in Fighting
   195 | D:3      | XOM: cast spell 'Summon Small Mammal'
   196 | D:3      | XOM: butterfly on damage
   201 | D:3      | Killed from afar by an orc wizard

Vault maps used:
D:1:      erik_arrival_gehennom, serial_curves, eino_curves_04, eino_curves_02,
          st_stairs_7, lemuel_old_faithful
D:2:      overflow_temple_1_default, nicolae_overflow_hidden_temple

Skill      XL: |  1  2 |
---------------+-------+-----
Dodging        | 1 |  1.1
Fighting       | 3 |  3.0
Polearms       | |  2.6
Armour         | |  1.8
Spellcasting   | |  0.8

Action                   || total
-------------------------++-------
Melee: Spear             ||    18
       Bite              ||     3
  Use: Scroll            ||     1
 Stab: Sleeping          ||     1
Armor: Leather armour    ||     1
Dodge: Dodged            ||     3
